 Dungeon Crawl Stone Soup version 0.32-a0-128-g77eb882913 (webtiles) character file.

Game seed: 18095313207479806450

478 BubbleThief the Trooper (level 7, -7/51 HPs)
             Began as an Octopode Fighter on Feb 8, 2024.
             Killed from afar by an orc wizard (8 damage)
             ... with a magic dart
             ... on level 4 of the Dungeon.
             The game lasted 00:04:57 (3240 turns).

BubbleThief the Trooper (Octopode Fighter)          Turns: 3240, Time: 00:04:58

Health: -7/51      AC:  1    Str: 17    XL:     7   Next: 11%
Magic:  7/7        EV: 13    Int: 10    God:
Gold:   239        SH:  4    Dex: 12    Spells: 6/6 levels left

rFire   + .          .
                       - Unarmed
rCold   + . .        a - +0 buckler
rNeg    . . .        (helmet restricted)
rPois   +            (no amulet)
rElec   +            (no ring)
rCorr   +            (no ring)
SInv    .            (no ring)
Will    .....        (no ring)
Stlth   ++           (no ring)
HPRegen 0.28/turn    (no ring)
MPRegen 0.10/turn    (no ring)
                     (no ring)

%: no passive effects
@: resistant, attractive
A: almost no armour, amphibious, 8 rings, camouflage 1, gelatinous body 1,
(nimble swimmer 1), tentacles
a: no special abilities


You were on level 4 of the Dungeon.
You visited 1 branch of the dungeon, and saw 4 of its levels.
You also visited: Sewer.

You collected 239 gold pieces.

Inventory:

Armour
 a - a +0 buckler (worn)
Talismans
 n - a maw talisman
Scrolls
 d - 7 scrolls of teleportation
 g - 3 scrolls of identify
 j - a scroll of enchant weapon {unknown}
 k - a scroll of revelation
 p - a scroll of poison {unknown}
Potions
 b - 2 potions of might
 c - a potion of brilliance
 e - a potion of attraction
 f - 2 potions of mutation
 l - a potion of invisibility {unknown}
 m - 3 potions of enlightenment
 o - a potion of heal wounds {unknown}


   Skills:
 + Level 5.9 Fighting
 - Level 3.0 Dodging
 - Level 3.0 Shields
 + Level 5.4 Unarmed Combat


You had 6 spell levels left.
You didn't know any spells.
Your spell library contained the following spells:

 Spells                   Type           Power      Damage    Failure   Level
 Freeze                   Ice            0%         1d3       43%         1
 Ensorcelled Hibernation  Hex/Ice        0%         N/A       58%         2
 Lesser Beckoning         Tloc           0%         N/A       58%         2
 Sublimation of Blood     Necr           0%         N/A       58%         2
 Frozen Ramparts          Ice            0%         1d1       82%         3
 Gell's Gravitas          Tloc           0%         N/A       82%         3
 Hailstorm                Conj/Ice       0%         3d5       82%         3
 Passwall                 Erth           0%         N/A       82%         3
 Stone Arrow              Conj/Erth      0%         3d7       82%         3
 Swiftness                Air            0%         N/A       82%         3
 Teleport Other           Tloc           0%         N/A       82%         3
 Petrify                  Alch/Erth      0%         N/A       99%         4
 Irradiate                Conj/Alch      0%         3d11      100%        5
 Lehudib's Crystal Spear  Conj/Erth      0%         10d2      100%        8
 Animate Armour           Summ/Erth      Unusable   N/A       N/A         4

Dungeon Overview and Level Annotations

Branches:
Dungeon (4/15)              Sewer (visited)
 Temple: D:4-7

Altars:
Makhleb

Annotations:
D:3 1 runed translucent door, Azoth's ghost, amateur HuHu


Innate Abilities, Weirdness & Mutations

You cannot wear most types of armour.
You are amphibious.
You can wear up to eight rings at the same time.
Your skin changes colour to match your surroundings (Stealth+).
Your rubbery body absorbs attacks. (AC +1, EV +1)
((You are camouflaged when in or above water. (Stealth+)))
You have tentacles for arms and can constrict up to eight enemies at once.


Message History

You feel better. The scorpion misses you.
Unknown command.
You closely miss the scorpion. Your grab misses the scorpion.
You squeeze the scorpion!
The scorpion is heavily wounded.
The scorpion misses you.
Unknown command.
You tentacle-slap the scorpion. You grab the scorpion.
The scorpion is severely wounded.
You constrict the scorpion. The scorpion stings you.
* * * LOW HITPOINT WARNING * * *
Unknown command.
You tentacle-slap the scorpion.
You kill the scorpion!
You have reached level 7!
You miss something. Your squeeze misses something. Something hits you.
* * * LOW HITPOINT WARNING * * *
You miss something.
You hear some strange, mumbled words.
Something tries to affect you, but you resist.
The bombardier beetle waves its antennae.
Unknown command.
Unknown command.
You closely miss something.
You hear some strange, mumbled words.
A puff of flame appears from out of thin air!
The puff of flame hits you. You resist.
* * * LOW HITPOINT WARNING * * *
Unknown command.
You bludgeon something! Your squeeze misses something. Something hits you.
* * * LOW HITPOINT WARNING * * *
Unknown command.
You closely miss something. Your squeeze misses something. Something hits you.
* * * LOW HITPOINT WARNING * * *
Unknown command.
You tentacle-slap something but do no damage.
You hear some strange, mumbled words.
A magic dart appears from out of thin air!
The magic dart hits you!
You die...

**#####........)...######......##
#.##.....[#..#####.....###)
#.##.......)..###...#....##
#.#####...............#.... #S#
#####.)).###...###.... #.#
#####.#.#####.## ##...
#.########.#.#####.## #.##
##.S..#####)#.####...## #.# #*
#...#...###@#.###.....###.## S###
#..##*..# #{#.##.......##...
#..###...#,,.#*#B#..............#
*#<....#...#.{...####......[###.#
#.K###.#####.##...* ##.....## #)#
.#.#,..#****,,....#**##...#####.#
.#.#.#..,,,>,......,**##.........
,....##.,,,,?.......,,*########.#
,..#***##,*.#.......*,* #.#


You could see a bombardier beetle.

Vanquished Creatures
  A phantom (D:4)
  A scorpion (D:4)
  An orc priest (D:4)
  Natasha (D:2)
  3 orc wizards (D:4)
  8 adders
  2 river rats (Sewer)
  5 dart slugs
  3 ribbon worms
  5 orcs
  6 endoplasms
  7 giant cockroaches
  10 hobgoblins
  6 jackals
  9 kobolds
  5 quokkas
  16 ball pythons
  9 bats
  7 frilled lizards
  A goblin (D:1)
  8 rats
114 creatures vanquished.

Vanquished Creatures (collateral kills)
  An orc (D:4)
  A hobgoblin (D:4)
2 creatures vanquished.

Grand Total: 116 creatures vanquished

Notes
Turn   | Place    | Note
-------+----------+-------------------------------------------
     0 | D:1      | BubbleThief the Octopode Fighter began the quest for the
                  | Orb.
     0 | D:1      | Reached XP level 1. HP: 16/16 MP: 1/1
   102 | D:1      | Reached XP level 2. HP: 5/21 MP: 2/2
   587 | D:1      | Reached XP level 3. HP: 26/26 MP: 3/3
  1129 | D:2      | Reached XP level 4. HP: 33/33 MP: 4/4
  1332 | D:2      | Noticed Natasha
  1337 | D:2      | Killed Natasha
  1715 | D:3      | Found a runed translucent door.
  1718 | D:3      | Noticed a black bear
  1719 | D:3      | Noticed Azoth's ghost (amateur HuHu)
  1749 | D:3      | Reached XP level 5. HP: 36/38 MP: 5/5
  2148 | D:3      | Found a burning altar of Makhleb.
  2351 | D:4      | Noticed a phantom
  2364 | D:4      | Killed a phantom
  2393 | D:4      | Reached skill level 5 in Fighting
  2393 | D:4      | Reached XP level 6. HP: 36/45 MP: 6/6
  2440 | D:4      | Found a glowing drain.
  2454 | Sewer    | Entered a sewer
  2699 | Sewer    | Reached skill level 5 in Unarmed Combat
  3235 | D:4      | Reached XP level 7. HP: 15/51 MP: 7/7
  3239 | D:4      | HP: 1/51 [something (4)]
  3240 | D:4      | Killed from afar by an orc wizard

Illustrated notes

Levels and vault maps discovered:
D:1:      minmay_arrival_up_and_down, layout_loops_cross, minmay_pentomino_z4
D:2:      layout_loops_cross, kennysheep_generic_room_11, uniq_natasha
D:3:      layout_loops_ring, lightli_temple_of_fire, ebering_ghost_inner_flame,
          nicolae_figureground_pulse
D:4:      layout_loops_ring, lemuel_crystal_altar, portal_sewer_entry_c,
          minmay_unequal

Skill      XL: |  1  2  3  4  5  6 |
---------------+-------------------+-----
Unarmed Combat | 3 4 5 |  5.4
Fighting       | 4 5 |  5.9
Dodging        | |  3.0
Shields        | |  3.0

Action                     |  1- 3 |  4- 6 |  7- 9 || total
---------------------------+-------+-------+-------++-------
  Melee: Unarmed           |    82 |   150 |     6 ||   238
         Constrict         |    24 |    32 |       ||    56
         Tentacles         |    15 |    26 |       ||    41
         Punch             |     2 |     9 |       ||    11
    Use: Scroll            |       |     6 |       ||     6
         Potion            |       |     4 |       ||     4
   Stab: Sleeping          |    14 |    12 |       ||    26
 Armour: Skin              |    22 |    47 |     5 ||    74
  Dodge: Dodged            |    28 |    67 |       ||    95
  Block: Buckler           |    10 |    19 |       ||    29

Table legend: (Time is in decaauts)
 A = Elapsed time spent in this place.
 B = Non-inter-level travel time spent in this place.
 C = Inter-level travel time spent in this place.
 D = Time resting spent in this place.
 E = Time spent auto-exploring this place.
 F = Levels seen in this place.
 G = Mean time per level.
                   A        B        C        D        E       F      G
               +--------+--------+--------+--------+--------+-----+--------+
         Total |   3232 |   3071 |    161 |    106 |   2289 |   5 |  646.4 |
       Dungeon |   2615 |   2454 |    161 |      8 |   1938 |   4 |  653.8 |
         Sewer |    617 |    617 |      0 |     98 |    351 |   1 |  617.0 |
               +--------+--------+--------+--------+--------+-----+--------+

Top non-repeatable levels by time:
     D:3: 879 daAuts
     D:1: 836 daAuts
     D:2: 630 daAuts
   Sewer: 617 daAuts
     D:4: 269 daAuts
